 Dungeon Crawl Stone Soup version 0.31-a0-968-g24f9ace8b5 (webtiles) character file.

Game seed: 10550001291624447423

1819 avis the Nimble (level 8, 37/37 HPs)
             Began as a Felid Shapeshifter on Oct 27, 2023.
             Got out of the dungeon alive.
             The game lasted 00:29:01 (6759 turns).

avis the Nimble (Felid Shapeshifter)                Turns: 6759, Time: 00:29:01

Health: 37/37      AC:  2    Str: 10    XL:     8   Next: 85%
Magic:  18/18      EV: 23    Int: 12    God:
Gold:   335        SH:  0    Dex: 17    Spells: 5/7 levels left
                                        Lives:  0   Deaths: 2

rFire   . .          .
                       - Unarmed
rCold   . . .        (shield unavailable)
rNeg    . . .        (body armour unavailable)
rPois   .            (helmet unavailable)
rElec   .            (cloak unavailable)
rCorr   .            (gloves unavailable)
SInv    +            (boots unavailable)
Will    +....        (no amulet)
Stlth   +            i - ring of magical power
HPRegen 0.26/turn    (no ring)
MPRegen 0.16/turn

%: no passive effects
@: flux-form, glowing, quick
A: glow, contaminating, very small, claws 1, fangs 3, see invisible, speed 1,
shaggy fur 2, stealthy paws, no weapons or thrown items, no armour, multi-lived
a: Begin Untransformation


You escaped.
You were something dangerously unstable.
You visited 2 branches of the dungeon, and saw 7 of its levels.

You collected 335 gold pieces.

Inventory:

Jewellery
 i - a ring of magical power (left paw)
 k - a ring of fire
 z - an amulet of magic regeneration
Talismans
 b - a beast talisman
 c - a flux talisman (active)
 s - a serpent talisman
 v - a flux talisman (active)
 y - a beast talisman
Wands
 a - a wand of iceblast (6)
 n - a wand of flame (10)
 x - a wand of polymorph (8)
Scrolls
 d - 2 scrolls of enchant weapon {unknown}
 e - 2 scrolls of noise {unknown}
 g - a scroll of torment {unknown}
 h - 4 scrolls of amnesia {unknown}
 j - 6 scrolls of identify {unknown}
 p - a scroll of vulnerability {unknown}
 q - 2 scrolls of teleportation {unknown}
 r - a scroll of revelation {unknown}
 u - a scroll of enchant armour {unknown}
 A - a scroll of fear {unknown}
Potions
 f - a potion of mutation {unknown}
 l - 3 potions of heal wounds {unknown}
 m - 2 potions of curing {unknown}
 o - 3 potions of attraction {unknown}
 t - a potion of enlightenment {unknown}
 w - a potion of resistance {unknown}
 B - a potion of degeneration {unknown}


   Skills:
 * Level 5.0 Fighting
 - Level 10.0 Dodging
 - Level 3.0 Unarmed Combat
 - Level 8.0 Shapeshifting


You had 5 spell levels left.
You knew the following spells:

 Your Spells              Type           Power      Damage    Failure   Level
b - Blink                 Tloc           0%         N/A       45%         2

Your spell library contained the following spells:

 Spells                   Type           Power      Damage    Failure   Level
 Lesser Beckoning         Tloc           0%         N/A       45%         2
 Momentum Strike          Conj/Tloc      0%         3d8       45%         2
 Frozen Ramparts          Ice            0%         1d1       69%         3
 Tukima's Dance           Hex            0%         N/A       69%         3
 Passage of Golubria      Tloc           0%         N/A       97%         4
 Petrify                  Tmut/Erth      0%         N/A       97%         4
 Metabolic Englaciation   Hex/Ice        0%         N/A       100%        5
 Yara's Violent Unravell  Hex/Tmut       0%         3d3       100%        5


Dungeon Overview and Level Annotations

Branches:
Dungeon (6/15)             Temple (1/1) D:4

Altars:
Dithmenos
Elyvilon
Fedhas
Hepliaklqana
Kikubaaqudgha
Makhleb
Nemelex Xobeh
Okawaru
Qazlal
Ru
Sif Muna
Uskayaw
Vehumet
Xom
Yredelemnul
Zin
The Shining One

Shops:
D:5 (

Annotations:
D:2 1 runed translucent door, Crazy Yiuf
D:5 3 runed translucent doors, sammy202020's ghost, novice GrBe
D:6 NitroDragon903's ghost, novice TrSh


Innate Abilities, Weirdness & Mutations

You are something dangerously unstable.
You glow with magical radiation, making you easy to see and hit.
Foes you strike become dangerously contaminated with magical radiation.
You have sharp claws.
You have razor-sharp teeth.
You have supernaturally acute eyesight. (SInv)
You cover ground quickly. (Speed+)
You are covered in thick fur. (AC +2)
Your paws help you pounce on unaware monsters.
You are incapable of wielding weapons or throwing items.
You cannot wear armour.
You gain extra lives every three experience levels.


Message History

NitroDragon903's ghost begins to glow.
You bite NitroDragon903's ghost.
NitroDragon903's ghost is lightly damaged.
NitroDragon903's ghost barely misses you.
You scratch NitroDragon903's ghost.
NitroDragon903's ghost glows dangerously bright.
You bite NitroDragon903's ghost, but do no damage.
NitroDragon903's ghost is lightly damaged.
NitroDragon903's ghost hits you!!
Ouch! That really hurt!
You scratch NitroDragon903's ghost.
NitroDragon903's ghost shudders as magic cascades through it!!
NitroDragon903's ghost is heavily damaged.
NitroDragon903's ghost hits you!!
Ouch! That really hurt!
You die...
Your shape twists and changes as you die.
You rejoin the land of the living...
What level of the Dungeon? (default 5, ? - help)
There is a stone staircase leading up here.
You climb upwards.
Level annotation: 3 runed translucent doors, sammy202020's ghost, novice GrBe
There is a stone staircase leading down here.
There is a stone staircase leading up here.
You climb upwards.
There is a stone staircase leading down here.
There is a stone staircase leading up, spattered with blood here.
You climb upwards.
There is a stone staircase leading down here.
You see here a +0 spear.
There is an escape hatch in the ceiling here.
A mysterious force pulls you upwards. The hatch slams shut behind you.
Level annotation: 1 runed translucent door, Crazy Yiuf
There is a stone staircase leading up here.
You climb upwards.
There is a stone staircase leading down here.
You see here a scarf of shadows.
You enter the shallow water.
Moving in this stuff is going to be slow.
There is a staircase leading out of the dungeon here.
You have escaped!

#.# #..................##.# #..#
#.####...#######.#######...# #.##
#...##.....####...####.....# #.#
#...##.#.....#..~..#.....#.# #.#
#...##.#8..~....~....~..8#.# #.##
#...##.##...~..~~~..~...##.###..#
#...##.#.....~~~~~~~.....#.#.....
#...##.....~~~~...~~~~.....#.##.#
##.###...~~~~~..p..~~~~~...#.##..
#.# #...[.~~~~...~~~~.).....####
#.# #.#.....~~~~~~~.....#.### #
#.###.##)..~..~~~..~...##.##
#..##.#8..~....~....~..8#..#
#.....#.....#..~..#.....#..#
#.........####...####......##
#.......#######.#######.....####
#....)....#...............#.....


There were no monsters in sight!

Vanquished Creatures
  Grinder (D:3)
  Sigmund (D:2)
  Eustachio (D:5)
  Duvessa (D:3)
  2 ice beasts
  2 ogres
  A phantom (D:3)
  A kobold brigand (D:5)
  A gnoll sergeant (D:5)
  2 scorpions
  Dowan (D:2)
  A jelly (D:4)
  2 hounds
  An iguana (D:5)
  A sleepcap (D:5)
  Natasha (thrice) (D:2)
  5 adders
  16 gnolls
  2 worms
  3 dart slugs
  4 orcs
  6 endoplasms
  2 giant cockroaches
  5 goblins
  8 hobgoblins
  5 quokkas
  15 ball pythons
  5 bats
  3 frilled lizards (D:1)
  5 kobolds
  3 rats
109 creatures vanquished.

Notes
Turn   | Place    | Note
-------+----------+-------------------------------------------
     0 | D:1      | avis the Felid Shapeshifter began the quest for the Orb.
     0 | D:1      | Reached XP level 1. HP: 9/9 MP: 2/2
    32 | D:1      | Reached skill level 3 in Dodging
    32 | D:1      | Reached XP level 2. HP: 13/13 MP: 3/3
   453 | D:1      | Reached XP level 3. HP: 10/16 MP: 4/4
   846 | D:2      | Noticed Natasha
   852 | D:2      | Killed Natasha
   853 | D:2      | Reached skill level 4 in Dodging
   856 | D:2      | Found a faded altar of an unknown god.
   991 | D:2      | Found a white marble altar of Elyvilon.
  1058 | D:2      | Reached XP level 4. HP: 14/21 MP: 5/5
  1126 | D:2      | Noticed Natasha
  1134 | D:2      | Killed Natasha
  1275 | D:2      | Noticed Sigmund
  1286 | D:2      | Killed Sigmund
  1287 | D:2      | Reached skill level 5 in Dodging
  1287 | D:2      | Reached skill level 5 in Shapeshifting
  1287 | D:2      | Reached XP level 5. HP: 13/24 MP: 6/6
  1401 | D:2      | Gained mutation: You are covered in thick fur. (AC +2)
                  | [Felid growth]
  1401 | D:2      | Reached XP level 6. HP: 27/28 MP: 7/7
  1667 | D:2      | Noticed Natasha
  1682 | D:2      | Killed Natasha
  1721 | D:2      | Found a runed translucent door.
  1722 | D:2      | Noticed Crazy Yiuf
  1723 | D:2      | Identified the +3 hammer of the Chickpea {spect, rCorr
                  | Int+2 Stlth+}
  2732 | D:3      | Noticed Grinder
  2743 | D:3      | Paralysed by Grinder for 2 turns
  2754 | D:3      | Killed Grinder
  2755 | D:3      | Reached skill level 6 in Dodging
  2755 | D:3      | Reached XP level 7. HP: 6/32 MP: 8/8
  2968 | D:4      | Noticed Duvessa
  2968 | D:4      | Noticed Dowan
  3057 | D:3      | Killed Duvessa
  3058 | D:3      | Reached skill level 7 in Dodging
  3077 | D:2      | Killed Dowan
  3409 | D:4      | Found a staircase to the Ecumenical Temple.
  3415 | Temple   | Entered the Ecumenical Temple
  3415 | Temple   | Noticed a rust devil
  3415 | Temple   | Noticed a shadow demon
  3415 | Temple   | Noticed a chaos spawn
  3415 | Temple   | Noticed a hellwing
  3415 | Temple   | Noticed an orange demon
  3415 | Temple   | Noticed a sixfirhy
  3416 | Temple   | Noticed Ocliqoh the pandemonium lord
  3416 | Temple   | Noticed Uruilekli the pandemonium lord
  3417 | Temple   | Noticed Osobel the pandemonium lord
  3430 | D:4      | Learned a level 2 spell: Blink
  4201 | D:4      | Found a burning altar of Makhleb.
  4349 | D:5      | Entered Level 5 of the Dungeon
  4583 | D:5      | Noticed Eustachio
  4832 | D:4      | Reached skill level 8 in Dodging
  4832 | D:4      | Reached XP level 8. HP: 32/36 MP: 9/9
  4979 | D:5      | HP: 1/36 [shadow imp/nerve-wracking pain[Eustachio] (11)]
  4980 | D:5      | Slain by an iron imp
  4994 | D:5      | Found Saoleezaar's Weapon Shop.
  5013 | D:5      | Reached skill level 5 in Fighting
  5328 | D:5      | Found a shimmering blue altar of Sif Muna.
  5390 | D:5      | Reached skill level 9 in Dodging
  5739 | D:5      | Found a runed translucent gate.
  5739 | D:5      | Found a runed translucent gate.
  5739 | D:5      | Found a runed translucent gate.
  5794 | D:5      | Noticed sammy202020's ghost (novice GrBe)
  5857 | D:5      | Killed Eustachio
  6491 | D:6      | Reached skill level 10 in Dodging
  6668 | D:6      | Found a runed translucent door.
  6669 | D:6      | Noticed NitroDragon903's ghost (novice TrSh)
  6678 | D:6      | Mangled by NitroDragon903's ghost
  6759 | D:$      | Got out of the dungeon alive.

Illustrated notes

Levels and vault maps discovered:
D:1:      eino_arrival_water_star, layout_rooms, item_on_display_a
D:2:      layout_loops_corners, ebering_ecumenical_altar_hall, basic_altar,
          amcnicky_mini_corridor_feature, kennysheep_generic_room_3,
          uniq_crazy_yiuf_cottage, uniq_sigmund, uniq_natasha
D:3:      layout_basic, kennysheep_decorative_pillar,
          nicolae_elevator_lobby_asterisk, uniq_grinder
D:4:      layout_loops_ring, lightli_temple_of_fire, minmay_temple_entry_waves,
          minmay_misc_feat_enclosed, uniq_duvessa
D:5:      layout_loops_corners, mainiacjoe_overflow_surrounded_room,
          gammafunk_ghost_necromancy, serial_shops, nicolae_square_shop,
          saegor_snake_ambush, uniq_eustachio
D:6:      lemuel_ice_spiral_2, layout_basic, ebering_ghost_reflecting_pool
Temple:   nicolae_temple_panitentiary

Skill      XL: |  1  2  3  4  5  6  7  8 |
---------------+-------------------------+-----
Fighting       | 2 3 4 5 |  5.0
Dodging        | 3 4 5 6 8 10 | 10.0
Shapeshifting  | 5 7 8 |  8.0
Unarmed Combat | |  3.0

Action                     |  1- 3 |  4- 6 |  7- 9 || total
---------------------------+-------+-------+-------++-------
  Melee: Unarmed           |    64 |    75 |   242 ||   381
         Punch             |     2 |     2 |     5 ||     9
         Bite              |     6 |     6 |    31 ||    43
  Evoke: Wand              |       |     8 |     2 ||    10
    Use: Potion            |       |     2 |     1 ||     3
   Stab: Sleeping          |     1 |     1 |     3 ||     5
 Armour: Skin              |    10 |    23 |    64 ||    97
  Dodge: Dodged            |    42 |    38 |   216 ||   296
   Form: Flux              |       |       |     1 ||     1

Table legend: (Time is in decaauts)
 A = Elapsed time spent in this place.
 B = Non-inter-level travel time spent in this place.
 C = Inter-level travel time spent in this place.
 D = Time resting spent in this place.
 E = Time spent auto-exploring this place.
 F = Levels seen in this place.
 G = Mean time per level.
                   A        B        C        D        E       F      G
               +--------+--------+--------+--------+--------+-----+--------+
         Total |   5830 |   5318 |    512 |   1291 |   2676 |   7 |  832.9 |
       Dungeon |   5828 |   5316 |    512 |   1291 |   2676 |   6 |  971.3 |
        Temple |      1 |      1 |      0 |      0 |      0 |   1 |    1.0 |
               +--------+--------+--------+--------+--------+-----+--------+

Top non-repeatable levels by time:
     D:3: 1167 daAuts
     D:2: 1166 daAuts
     D:5: 1165 daAuts
     D:4: 1075 daAuts
     D:1: 749 daAuts
     D:6: 504 daAuts
  Temple: 1 daAuts
